 Dungeon Crawl Stone Soup version 0.29-a0-284-gf9362112df (webtiles) character file.

Game seed: 15068047224011610917

261 avis the Skirmisher (level 6, -5/57 HPs)
             Began as a Hill Orc Monk on Mar 19, 2022.
             Slain by Pikel
             ... wielding a +0 whip of freezing
              (7 damage)
             ... on level 3 of the Dungeon.
             The game lasted 00:12:17 (4545 turns).

avis the Skirmisher (Hill Orc Monk)                 Turns: 4545, Time: 00:12:17

Health: -5/57      AC:  5    Str: 14    XL:     6   Next: 18%
Magic:  6/6        EV: 11    Int: 12    God:
Gold:   150        SH:  0    Dex: 13    Spells: 5/5 levels left

rFire   . . .      SeeInvis .   e - +2 short sword (venom)
rCold   . . .      Faith    .   (no shield)
rNeg    . . .      Spirit   .   f - +0 ring mail
rPois   +          Reflect  .   (no helmet)
rElec   .          Harm     .   (no cloak)
rCorr   .          Rampage  .   (no gloves)
Will    .....                   (no boots)
Stlth   +.........              k - amulet of magic regeneration
HPRegen 0.19/turn               t - ring of poison resistance
MPRegen 0.50/turn               (no ring)

@: no status effects
A: no striking features
a: no special abilities


You were on level 3 of the Dungeon.
You visited 1 branch of the dungeon, and saw 4 of its levels.

You collected 150 gold pieces.

Inventory:

Hand Weapons
 e - a +2 short sword of venom (weapon)
 j - a +0 dagger of speed
 n - a +0 short sword of protection
 u - a +0 hunting sling
Missiles
 d - 101 stones (quivered)
 m - 3 poisoned darts
Armour
 a - a +0 robe
 c - a +0 leather armour
 f - a +0 ring mail (worn)
 w - a +0 chain mail
Jewellery
 k - an amulet of magic regeneration (around neck)
 t - a ring of poison resistance (left hand)
Scrolls
 g - a scroll of teleportation {unknown}
 h - a scroll of silence {unknown}
 i - 3 scrolls of identify {unknown}
 l - a scroll of amnesia {unknown}
 o - a scroll of immolation {unknown}
Potions
 b - a potion of ambrosia
 p - a potion of mutation {unknown}
 q - 2 potions of curing {unknown}
 r - 2 potions of lignification {unknown}
 s - a potion of invisibility {unknown}
 v - a potion of heal wounds {unknown}


   Skills:
 - Level 6.0 Fighting
 - Level 2.4 Dodging
 - Level 1.5 Stealth
 * Level 5.9 Unarmed Combat


You had 5 spell levels left.
You didn't know any spells.
Your spell library was empty.

Dungeon Overview and Level Annotations

Branches:
Dungeon (4/15)
 Temple: D:4-7

Altars:

Annotations:
D:1 Unexplored places
D:3 Pikel


Message History

You hit Pikel.
Pikel is poisoned.
Pikel is lightly wounded.
Pikel barely misses you.
You closely miss Pikel.
Pikel is lightly wounded.
Pikel closely misses you.
You barely miss Pikel.
Pikel is lightly wounded.
Pikel waves his whip at you. Pikel barely misses you.
You hit Pikel.
Pikel looks as sick as possible!
Pikel is lightly wounded.
Pikel hits you but does no damage.
You barely miss Pikel.
Pikel is lightly wounded.
Pikel hits you with a +0 whip of freezing!
Pikel freezes you. Pikel attacks as you move away! Pikel closely misses you.
There is an open door here.
Pikel attacks as you move away! Pikel hits you but does no damage.
Pikel attacks as you move away! Pikel hits you but does no damage.
Pikel attacks as you move away!
Pikel hits you with a +0 whip of freezing.
Pikel freezes you. Pikel attacks as you move away!
Pikel hits you with a +0 whip of freezing.
* * * LOW HITPOINT WARNING * * *
Pikel freezes you.
* * * LOW HITPOINT WARNING * * *
Pikel says, "You'll feel the lick of my whip!"
There is a stone staircase leading up here.
Pikel attacks as you move away! Pikel completely misses you.
Pikel attacks as you move away!
Pikel hits you with a +0 whip of freezing!
* * * LOW HITPOINT WARNING * * *
Pikel freezes you.
* * * LOW HITPOINT WARNING * * *
Pikel attacks as you move away!
Pikel hits you with a +0 whip of freezing!
You die...

## ######## .#### ######...>..#
.+..# #####....'......## .##.#
#...#.####.......# ....# #...'.#
#.......#####
..#.########...######............
....##.....'...'.#..........####.
######.#####...#@#.###......#####
.......# #...5##K#...#[..........
##########.##.##5#.##......######
..............#..5...............
.........#.#.#####.##....#######.
.......#.#.#..<55............# #.
######.#.#.###..)......#.###.# ##
####...#+#.# #.........#.....####
#..........# #.........###.......


You could see Pikel (very poisoned) and 2 lemures.

Vanquished Creatures
  Natasha (thrice) (D:3 D:2)
  An orc wizard (D:3)
  4 adders
  A gnoll (D:1)
  4 worms
  A dart slug (D:2)
  7 orcs (D:3)
  8 ball pythons
  5 endoplasms
  5 giant cockroaches
  7 goblins
  5 hobgoblins
  11 jackals
  5 kobolds
  6 quokkas
  6 bats
  6 frilled lizards
  5 rats
90 creatures vanquished.

Notes
Turn   | Place    | Note
-------+----------+-------------------------------------------
     0 | D:1      | avis the Hill Orc Monk began the quest for the Orb.
     0 | D:1      | Reached XP level 1. HP: 19/19 MP: 1/1
    63 | D:1      | Reached skill level 4 in Fighting
   266 | D:1      | Reached XP level 2. HP: 24/27 MP: 2/2
   689 | D:1      | Reached XP level 3. HP: 33/33 MP: 3/3
   818 | D:1      | Found a faded altar of an unknown god.
  1750 | D:2      | Reached skill level 5 in Unarmed Combat
  1768 | D:2      | Reached XP level 4. HP: 21/40 MP: 4/4
  2695 | D:3      | Reached skill level 5 in Fighting
  2926 | D:3      | Noticed Natasha
  2934 | D:3      | Killed Natasha
  2935 | D:3      | Reached XP level 5. HP: 42/48 MP: 5/5
  2956 | D:3      | Noticed Natasha
  2966 | D:3      | Killed Natasha
  2971 | D:3      | Noticed Natasha
  3176 | D:2      | Killed Natasha
  3177 | D:2      | Reached skill level 6 in Fighting
  3976 | D:3      | Reached XP level 6. HP: 55/57 MP: 6/6
  4511 | D:4      | Noticed Pikel
  4542 | D:3      | HP: 1/57 [Pikel/+0 whip of freezing (3)]
  4545 | D:3      | Slain by Pikel

Illustrated notes

Levels and vault maps discovered:
D:1:      dpeg_arrival_stone_temple_mockup, layout_basic, serial_rivers,
          chequers_serial_rivers_small_b, chequers_serial_rivers_small_a,
          chequers_serial_rivers_micro_d, chequers_serial_rivers_small_3,
          shapermc_ecumenical_altar_ellora
D:2:      layout_basic, grunt_ministairs_1
D:3:      layout_basic, uniq_natasha
D:4:      layout_loops_ring, nemelex_xobeh_ov_fountains_minmay, uniq_edmund,
          uniq_pikel

Skill      XL: |  1  2  3  4  5 |
---------------+----------------+-----
Fighting       | 4 5 6 |  6.0
Unarmed Combat | 4 5 |  5.9
Dodging        | |  2.4
Stealth        | |  1.5

Action                   |  1- 3 |  4- 6 || total
-------------------------+-------+-------++-------
Melee: Unarmed           |    69 |       ||    69
       Punch             |     2 |     3 ||     5
       Short sword       |    38 |   170 ||   208
 Stab: Distracted        |     1 |       ||     1
       Sleeping          |     1 |     1 ||     2
Armor: Leather armour    |    15 |       ||    15
       Ring mail         |     2 |    47 ||    49
Dodge: Dodged            |    56 |   119 ||   175

Table legend: (Time is in decaauts)
 A = Elapsed time spent in this place.
 B = Non-inter-level travel time spent in this place.
 C = Inter-level travel time spent in this place.
 D = Time resting spent in this place.
 E = Time spent auto-exploring this place.
 F = Levels seen in this place.
 G = Mean time per level.
                   A        B        C        D        E       F      G
               +--------+--------+--------+--------+--------+-----+--------+
         Total |   4593 |   4261 |    332 |   1724 |   1655 |   4 | 1148.2 |
       Dungeon |   4593 |   4261 |    332 |   1724 |   1655 |   4 | 1148.2 |
               +--------+--------+--------+--------+--------+-----+--------+

Top non-repeatable levels by time:
     D:1: 1694 daAuts
     D:3: 1512 daAuts
     D:2: 1288 daAuts
     D:4: 98 daAuts
